 Dungeon Crawl Stone Soup version 0.29.1-2-gbd0b4ee654 (webtiles) character file.

Game seed: 1831245526311119444

3078 Sabo the Cleaver (level 9, -2/79 HPs)
             Began as a Minotaur Fighter on Nov 8, 2022.
             Was an Elder of Ignis.
             Killed from afar by Erica (11 damage)
             ... with a bolt of light
             ... on level 8 of the Dungeon on Nov 9, 2022.
             The game lasted 00:35:59 (7379 turns).

Sabo the Cleaver (Minotaur Fighter)                 Turns: 7379, Time: 00:36:03

Health: -2/79      AC: 29    Str: 25    XL:     9   Next: 58%
Magic:  8/8        EV:  9    Int:  5    God:    Ignis [****..]
Gold:   246        SH:  5    Dex: 10    Spells: 8/8 levels left

rFire   + . .      SeeInvis .   G - +7 whip of Indomitability {vorpal, *Noise rElec rC+}
rCold   + . .      Faith    .   c - +0 buckler
rNeg    . . .      Spirit   .   u - +0 chain mail
rPois   .          Reflect  .   y - +2 hat
rElec   +          Harm     .   E - +1 cloak
rCorr   .          Rampage  .   b - +2 pair of gloves
Will    .....                   f - +2 pair of boots {Stlth+}
Stlth   ..........              (no amulet)
HPRegen 0.23/turn               I - ring of wizardry
MPRegen 0.11/turn               (no ring)

@: lethally poisoned (-2 -> -4), fiery-armoured, invisible
A: horns 2, retaliatory headbutt
a: Renounce Religion, Fiery Armour, Foxfire Swarm, Rising Flame


You were on level 8 of the Dungeon.
You worshipped Ignis.
Ignis was greatly pleased with you.
You visited 1 branch of the dungeon, and saw 8 of its levels.

You collected 274 gold pieces.
You spent 28 gold pieces at shops.

Inventory:

Hand Weapons
 a - a +1 vorpal war axe
 d - a +2 vampiric dagger
 m - a +1 dagger of electrocution
 q - a +1 short sword of flaming
 D - a +3 quarterstaff of chaos
 G - the +7 whip of Indomitability (weapon) {vorpal, *Noise rElec rC+}
   (You found it on level 6 of the Dungeon)

   It inflicts extra damage upon your enemies.
   rC:        It protects you from cold.
   rElec:     It insulates you from electricity.
   *Noise:    It may make noises in combat.
Missiles
 o - 6 boomerangs (quivered)
 H - 8 poisoned darts
Armour
 b - a +2 pair of gloves (worn)
 c - a +0 buckler (worn)
 f - a +2 pair of boots of stealth (worn)
 u - a +0 chain mail (worn)
 y - a +2 hat (worn)
 E - a +1 cloak (worn)
Jewellery
 I - a ring of wizardry (left hand)
Wands
 p - a wand of flame (46)
 r - a wand of polymorph (19)
 w - a wand of light (10)
 C - a wand of digging (4)
 K - a wand of iceblast (8)
Scrolls
 e - a scroll of magic mapping
 g - 2 scrolls of blinking
 h - 3 scrolls of teleportation
 n - 3 scrolls of amnesia
 s - a scroll of fear
 B - a scroll of butterflies {unknown}
 J - a scroll of silence {unknown}
 M - a scroll of summoning {unknown}
Potions
 j - a potion of mutation {unknown}
 k - a potion of invisibility
 l - 2 potions of haste {unknown}
 t - 2 potions of might
 v - a potion of attraction {unknown}
 x - a potion of ambrosia {unknown}
 z - a potion of lignification {unknown}
 F - a potion of flight {unknown}
 L - a potion of curing {unknown}


   Skills:
 + Level 7.6 Fighting
 + Level 10.0(10.4) Axes
 + Level 4.6(7.9) Maces & Flails
 + Level 8.4 Armour
 + Level 2.7 Dodging
 + Level 0.4 Stealth
 + Level 6.2 Shields


You had 8 spell levels left.
You didn't know any spells.
Your spell library contained the following spells:

 Spells                   Type           Power      Damage    Failure   Level
 Summon Small Mammal      Summ           0%         N/A       78%         1
 Call Canine Familiar     Summ           0%         N/A       98%         3
 Summon Guardian Golem    Hex/Summ       0%         N/A       98%         3
 Airstrike                Air            0%         2d(0-16)  100%        4
 Summon Lightning Spire   Summ/Air       0%         N/A       100%        4
 Lightning Bolt           Conj/Air       0%         1d11      100%        5
 Storm Form               Tmut/Air       0%         N/A       100%        7
 Maxwell's Capacitive Co  Air            0%         ∞         100%        8
 Chain Lightning          Conj/Air       0%         N/A       100%        9
 Fire Storm               Conj/Fire      0%         5d1       100%        9
 Shatter                  Erth           0%         3d5*      100%        9


Dungeon Overview and Level Annotations

Branches:
Dungeon (8/15)             Temple (0/1) D:7
   Lair: D:8-11

Altars:
Kikubaaqudgha
Okawaru
Sif Muna
Trog
Uskayaw
Yredelemnul
The Shining One
Ignis

Shops:
D:2 ?   D:4 ?

Annotations:
D:8 Erica


Innate Abilities, Weirdness & Mutations

You have a pair of horns on your head.
You reflexively headbutt those who attack you in melee.


Message History

You hear some strange, mumbled words.
Something tries to affect you, but you resist.
You miss something. Your headbutt misses something.
You feel less confused.
You hit something.
You hear some strange, mumbled words.
A bolt of poison appears from out of thin air!
The bolt of poison hits you!!
You are poisoned.
You hit something. Your headbutt misses something.
You feel sick. Something hits you!
* * * LOW HITPOINT WARNING * * *
Something burns you.
* * * LOW HITPOINT WARNING * * *
You closely miss something.
You feel sick.
You hear a zap.
A bolt of light appears from out of thin air!
The bolt of light misses you.
You hit something.
You feel sick.
You whack something!
You feel sick. You block something's attack.
You feel very mighty all of a sudden.
You feel sick.
You hear a zap.
A bolt of light appears from out of thin air!
The bolt of light hits you.
* * * LOW HITPOINT WARNING * * *
Your magical effects are unravelling.
You feel magically purged.
You feel a little less mighty now.
You feel sick.
You hear some strange, mumbled words.
A bolt of poison appears from out of thin air!
The bolt of poison misses you.
It was a potion of invisibility.
You fade into invisibility!
You feel sick.
You hear a zap.
A bolt of light appears from out of thin air!
The bolt of light hits you!
You die...

## #.......####.##
....######....>....##.##
#.........#...#.#.##...
....###...###...........
# ###..## ##..##.#....
#...## ##....#..#.
#.#..## ##..####..#.
#.##.#...###..## #..#.
#>...{@.#.#..## #..##
############.# #....
##_## ##.### ##...
#8...8##....# ####
#.....##....# #
8....$8#....# #####
##.....##....# #....
#8...8##....# #.###
##.....####### #.#


There were no monsters in sight!

Vanquished Creatures
  Prince Ribbit (D:6)
  Sigmund (D:6)
  5 yaks (D:7)
  An acid dragon (D:8)
  Duvessa (D:4)
  4 black bears
  A sky beast (D:7)
  3 ice beasts
  An ogre (D:5)
  3 necrophages
  A scorpion (D:5)
  Dowan (D:4)
  3 killer bees (D:8)
  Crazy Yiuf (D:6)
  2 orc priests
  3 hounds
  5 iguanas
  2 orc wizards
  5 adders
  A shadow imp (D:7)
  A white imp (D:7)
  An ufetubus (D:5)
  2 worms
  4 dart slugs
  32 orcs
  5 ball pythons
  4 endoplasms
  2 giant cockroaches
  5 goblins
  5 hobgoblins
  3 jackals (D:3)
  A quokka (D:4)
  5 bats (D:1)
  9 kobolds
  5 rats
129 creatures vanquished.

Notes
Turn   | Place    | Note
-------+----------+-------------------------------------------
     0 | D:1      | Sabo the Minotaur Fighter began the quest for the Orb.
     0 | D:1      | Reached XP level 1. HP: 19/19 MP: 0/0
   472 | D:1      | Reached XP level 2. HP: 25/27 MP: 1/1
   512 | D:1      | Found a faded altar of an unknown god.
   527 | D:1      | Prayed at the altar of an unknown god.
   527 | D:1      | Became a worshipper of Ignis, the Dying Flame
  1013 | D:2      | Found Taolismig's Magic Scroll Shop.
  1030 | D:2      | Bought a scroll of identify for 28 gold pieces
  1354 | D:2      | Reached skill level 3 in Axes
  1521 | D:2      | Reached XP level 3. HP: 33/33 MP: 2/2
  2084 | D:3      | Reached XP level 4. HP: 13/40 MP: 3/3
  2745 | D:4      | Noticed an ice beast
  2756 | D:4      | Killed an ice beast
  2757 | D:4      | Reached skill level 4 in Axes
  2757 | D:4      | Reached XP level 5. HP: 40/47 MP: 4/4
  2895 | D:4      | Found a hide-covered altar of Uskayaw.
  2922 | D:4      | Noticed Dowan
  2923 | D:4      | Noticed Duvessa
  2933 | D:4      | Killed Dowan
  2934 | D:4      | Killed Duvessa
  2935 | D:4      | Reached skill level 5 in Axes
  2935 | D:4      | Reached skill level 5 in Armour
  2935 | D:4      | Reached XP level 6. HP: 46/55 MP: 5/5
  2969 | D:4      | Found Qabar's Magic Scroll Shop.
  3443 | D:4      | Reached skill level 5 in Fighting
  3598 | D:5      | Entered Level 5 of the Dungeon
  3670 | D:5      | Reached skill level 6 in Axes
  3864 | D:5      | Found a basalt altar of Yredelemnul.
  3985 | D:5      | Reached XP level 7. HP: 43/61 MP: 6/6
  3993 | D:5      | Reached skill level 7 in Axes
  4493 | D:5      | Found an ancient bone altar of Kikubaaqudgha.
  4810 | D:5      | Reached skill level 1 in Dodging
  5023 | D:6      | Reached skill level 5 in Shields
  5065 | D:6      | Found a bloodstained altar of Trog.
  5083 | D:6      | Reached XP level 8. HP: 38/70 MP: 7/7
  5242 | D:6      | Found a shimmering blue altar of Sif Muna.
  5248 | D:6      | Reached skill level 8 in Axes
  5326 | D:6      | Found a runed translucent door.
  5327 | D:6      | Noticed Crazy Yiuf
  5333 | D:6      | Killed Crazy Yiuf
  5530 | D:6      | Found an iron altar of Okawaru.
  5591 | D:6      | Noticed Prince Ribbit
  5615 | D:6      | Killed Prince Ribbit
  5627 | D:6      | Noticed Sigmund
  5634 | D:6      | Killed Sigmund
  5635 | D:6      | Reached skill level 9 in Axes
  5791 | D:6      | Identified the +7 whip of Indomitability {vorpal, *Noise
                  | rElec rC+}
  6079 | D:7      | Found a staircase to the Ecumenical Temple.
  6236 | D:7      | Reached skill level 1 in Maces & Flails
  6394 | D:7      | Reached XP level 9. HP: 68/79 MP: 8/8
  6981 | D:7      | Reached skill level 10 in Axes
  7360 | D:8      | Found a glowing golden altar of the Shining One.
  7364 | D:8      | Noticed Erica
  7379 | D:8      | Killed from afar by Erica

Illustrated notes

Levels and vault maps discovered:
D:1:      dpeg_arrival_stonehenge_8_columns, layout_basic,
          shapermc_ecumenical_altar_starsandcircs
D:2:      layout_loops_cross, serial_shops, nicolae_square_shop
D:3:      layout_loops_ring, moated_statue, minmay_misc_feat_enclosed,
          minmay_misc_feat_rugged
D:4:      minmay_door_path, layout_cave_pools, mainiacjoe_overflow_catwalk,
          serial_shops, nicolae_shop_advertising_works
          [nicolae_subvault_shop_adworks], uniq_duvessa
D:5:      layout_basic, nicolae_kikubaaqudgha_miasma_corner, marbit_many_paths
D:6:      layout_loops_cross, kennysheep_mini,
          mainiacjoe_overflow_small_starburst, mainiacjoe_overflow_tiny_flanked,
          uniq_prince_ribbit1, uniq_sigmund, uniq_crazy_yiuf_cottage
D:7:      layout_basic, minmay_temple_entry_antechambers
D:8:      layout_loops_cross, lemuel_doored_altar,
          nicolae_overflow_hidden_temple, uniq_erica, uniq_joseph

Skill      XL: |  1  2  3  4  5  6  7  8  9 |
---------------+----------------------------+-----
Shields        | 4 5 6 |  6.2
Armour         | 4 5 6 7 8 |  8.4
Axes           | 3 4 5 6 7 9 10 | 10.0
Fighting       | 4 5 6 7 |  7.6
Dodging        | 1 2 |  2.7
Maces & Flails | 1 4 |  4.6
Stealth        | |  0.4

Action                   |  1- 3 |  4- 6 |  7- 9 || total
-------------------------+-------+-------+-------++-------
Melee: War axe           |   112 |    81 |    64 ||   257
       Headbutt          |    13 |    14 |    32 ||    59
       Whip              |       |       |   100 ||   100
Invok: Fiery Armour      |       |     1 |     2 ||     3
  Use: Scroll            |     5 |     3 |     8 ||    16
       Potion            |       |     1 |     3 ||     4
Armor: Scale mail        |    51 |    23 |       ||    74
       Chain mail        |       |    40 |    77 ||   117
Dodge: Dodged            |    61 |    27 |    56 ||   144
Block: Buckler           |    27 |    13 |    39 ||    79
